 Dungeon Crawl Stone Soup version 0.31-a0-217-g58bb5d79cf (webtiles) character file.

Game seed: 10313700352938927991

28 innerfire43 the Trooper (level 2, -1/24 HPs)
             Began as a Demonspawn Monk on July 2, 2023.
             Slain by a gnoll
             ... wielding a +0 spear
              (4 damage)
             ... on level 2 of the Dungeon.
             The game lasted 00:00:59 (762 turns).

innerfire43 the Trooper (Demonspawn Monk)            Turns: 762, Time: 00:01:00

Health: -1/24      AC:  5    Str: 11    XL:     2   Next: 96%
Magic:  2/2        EV: 10    Int: 11    God:
Gold:   64         SH:  0    Dex: 15    Spells: 1/1 levels left

rFire   . . .        a - +0 hand axe
rCold   . . .        j - +0 kite shield
rNeg    . . .        b - +0 robe
rPois   .            f - +0 helmet
rElec   .            e - +0 cloak
rCorr   .            (no gloves)
SInv    .            (no boots)
Will    .....        (no amulet)
Stlth   +            (no ring)
HPRegen 0.24/turn    (no ring)
MPRegen 0.08/turn

%: no passive effects
@: confused, ambrosia-drunk
A: rugged brown scales 1
a: no special abilities


You were on level 2 of the Dungeon.
You visited 1 branch of the dungeon, and saw 2 of its levels.

You collected 64 gold pieces.

Inventory:

Hand Weapons
 a - a +0 hand axe (weapon)
Armour
 b - a +0 robe (worn)
 d - an orb of light
 e - a +0 cloak (worn)
 f - a +0 helmet (worn)
 j - a +0 kite shield (worn)
Scrolls
 h - a scroll of teleportation {unknown}
 i - a scroll of identify {unknown}
 k - a scroll of revelation {unknown}
Potions
 g - 2 potions of lignification {unknown}
 l - a potion of mutation {unknown}
 m - a potion of curing {unknown}


   Skills:
 * Level 3.5 Fighting
 + Level 3.0 Axes
 + Level 3.0 Dodging


You had one spell level left.
You didn't know any spells.
Your spell library contained the following spells:

 Spells                   Type           Power      Damage    Failure   Level
 Necrotise                Necr           0%         1d4       87%         1
 Slow                     Hex            0%         N/A       87%         1
 Summon Small Mammal      Summ           0%         N/A       87%         1
 Ensorcelled Hibernation  Hex/Ice        0%         N/A       95%         2
 Spider Form              Tmut/Pois      0%         N/A       99%         3
 Volatile Blastmotes      Fire/Tloc      0%         2d10      99%         3
 Anguish                  Hex/Necr       0%         N/A       100%        4
 Fulminant Prism          Conj/Hex       0%         3d5       100%        4
 Iskenderun's Mystic Bla  Conj/Tloc      0%         2d3       100%        4
 Lee's Rapid Deconstruct  Erth           0%         3d4*      100%        5


Dungeon Overview and Level Annotations

Branches:
Dungeon (2/15)

Altars:
Xom

Shops:
D:2 (


Innate Abilities, Weirdness & Mutations

You are partially covered in rugged brown scales. (AC +1, +3% HP)


Message History

You closely miss the bat. The bat hits you but does no damage.
You block the hobgoblin's attack. The gnoll closely misses you.
You closely miss the hobgoblin.
The hobgoblin is heavily wounded.
You miss the bat. The bat completely misses you.
The bat hits you but does no damage. You block the hobgoblin's attack.
The gnoll closely misses you. You block the bat's attack.
The gnoll closely misses you.
The gnoll hits you from afar with a +0 spear.
The hobgoblin barely misses you. The gnoll closely misses you.
You barely miss the hobgoblin.
The hobgoblin is heavily wounded.
You barely miss the gnoll. You hit the bat but do no damage.
The bat hits you but does no damage. The gnoll barely misses you.
The hobgoblin barely misses you. You block the bat's attack.
The gnoll closely misses you.
The gnoll hits you from afar with a +0 spear!
You closely miss the hobgoblin.
The hobgoblin is heavily wounded.
You hit the gnoll. You barely miss the bat.
The bat hits you but does no damage. You block the gnoll's attack.
The hobgoblin barely misses you. The gnoll closely misses you.
The gnoll barely misses you.
Unknown command.
You hit the hobgoblin.
You kill the hobgoblin!
You closely miss the gnoll. You barely miss the bat.
You block the bat's attack. You block the gnoll's attack. x2
The gnoll hits you from afar with a +0 spear.
The bat barely misses you. The gnoll hits you with a +0 whip.
* * * LOW HITPOINT WARNING * * *
The gnoll hits you from afar with a +0 spear.
* * * LOW HITPOINT WARNING * * *
You block the gnoll's attack.
You are confused.
You feel invigorated. The bat barely misses you.
The gnoll hits you with a +0 whip.
* * * LOW HITPOINT WARNING * * *
The gnoll hits you from afar with a +0 spear.
You die...

#####.#.# +.........
+.......> #........
#####.##. #.......
#.... #......
########. .....
#......#. #.gg#
#......#. #g†.#
#......#. #$@.#
##......#. #..b#
#.......'. #...#
####.......#.
#...###......#<..#.
#........#######.#.
#........# #.#.
#........#######.#.
#.#...........##.#.
#..#...........##...


You could see 3 gnolls and a bat.

Vanquished Creatures
  A dart slug (D:1)
  An endoplasm (D:2)
  5 goblins (D:1)
  4 hobgoblins
  2 jackals (D:2)
  3 kobolds (D:1)
  A quokka (D:1)
  3 frilled lizards (D:1)
  3 rats (D:1)
23 creatures vanquished.

Notes
Turn   | Place    | Note
-------+----------+-------------------------------------------
     0 | D:1      | innerfire43 the Demonspawn Monk began the quest for the
                  | Orb.
     0 | D:1      | Reached XP level 1. HP: 18/18 MP: 1/1
   126 | D:1      | Gained mutation: You are partially covered in rugged brown
                  | scales. (AC +1, +3% HP) [demonic ancestry]
   126 | D:1      | Reached XP level 2. HP: 17/24 MP: 2/2
   710 | D:2      | Found a shimmering altar of Xom.
   737 | D:2      | Got First Steps in Thaumaturgy
   749 | D:2      | Found Uxusarphusu's Weapon Boutique.
   762 | D:2      | Slain by a gnoll

Illustrated notes

Levels and vault maps discovered:
D:1:      minmay_arrival_glassed_features, layout_basic
D:2:      layout_basic, basic_altar, serial_shops, nicolae_square_shop,
          hangedman_glass_teeth, minmay_tromino_i2

Skill      XL: |  1  2 |
---------------+-------+-----
Axes           | 3 |  3.0
Dodging        | 3 |  3.0
Fighting       | |  3.5

Action                     || total
---------------------------++-------
  Melee: Hand axe          ||    46
    Use: Potion            ||     1
   Stab: Sleeping          ||     1
 Armour: Robe              ||    12
  Dodge: Dodged            ||    41
  Block: Kite shield       ||    15

Table legend: (Time is in decaauts)
 A = Elapsed time spent in this place.
 B = Non-inter-level travel time spent in this place.
 C = Inter-level travel time spent in this place.
 D = Time resting spent in this place.
 E = Time spent auto-exploring this place.
 F = Levels seen in this place.
 G = Mean time per level.
                   A        B        C        D        E       F      G
               +--------+--------+--------+--------+--------+-----+--------+
         Total |    772 |    681 |     91 |      0 |    532 |   2 |  386.0 |
       Dungeon |    772 |    681 |     91 |      0 |    532 |   2 |  386.0 |
               +--------+--------+--------+--------+--------+-----+--------+

Top non-repeatable levels by time:
     D:1: 644 daAuts
     D:2: 128 daAuts
